 Dungeon Crawl Stone Soup version 0.24.0-123-gd5b16e6ec5 (webtiles) character file.

Game seed: 10373346018495396176, levelgen mode: deterministic

5445 manon the Carver (level 10, -4/70 HPs)
             Began as a Demonspawn Chaos Knight on Jan 11, 2020.
             Was a Plaything of Xom.
             Slain by a black mamba (12 damage)
             ... on level 1 of the Lair of Beasts.
             The game lasted 00:35:54 (8719 turns).

manon the Carver (Demonspawn Chaos Knight)          Turns: 8719, Time: 00:35:55

Health: -4/70      AC: 24    Str:  9    XL:     10   Next: 41%
Magic:  0/10       EV: 12    Int: 16    God:    Xom [..*...]
Gold:   2118       SH:  0    Dex: 22    Spells: 9/9 levels left

rFire    + . .     SeeInvis .   a - +0 falchion (chaos)
rCold    + . .     Gourm    .   (no shield)
rNeg     + . .     Faith    .   f - +5 scale mail of Wrong Decisions {rPois Str-3 Dex+6 Slay+3}
rPois    +         Spirit   +   D - +0 helmet
rElec    +         Reflect  .   K - +2 cloak
rCorr    .         Harm     .   (no gloves)
MR       .....                  m - +2 pair of boots {run}
Stlth    ++++......             v - amulet of guardian spirit
HPRegen  0.21/turn              F - ring of positive energy
MPRegen  0.12/turn              (no ring)

@: lethally poisoned (-4 -> -10), quick
A: claws 1, talons 1, icy blue scales 3, blurry vision 2, clever 1, fire
resistance 1, nightstalker 2, shaggy fur 1, electricity resistance, wild magic 1
a: Renounce Religion


You were on level 1 of the Lair of Beasts.
You worshipped Xom.
You were a toy of Xom.
You were very hungry.

You visited 2 branches of the dungeon, and saw 11 of its levels.

You collected 2118 gold pieces.

Inventory:

Hand Weapons
 a - a +0 falchion of chaos (weapon)
 y - a +0 hunting sling
 L - a +0 shortbow
 M - a +0 mace
Missiles
 d - 103 arrows
 g - 156 bolts
 j - 74 sling bullets
 q - 6 boomerangs (quivered)
 z - 9 atropa-tipped darts
 N - a throwing net
Armour
 b - a +2 leather armour
 f - the +5 scale mail of Wrong Decisions (worn) {rPois Str-3 Dex+6 Slay+3}
   (You acquired it on level 7 of the Dungeon)

   It affects your strength (-3).
   It affects your dexterity (+6).
   It affects your accuracy and damage with ranged weapons and melee attacks
   (+3).
   It protects you from poison.
 m - a +2 pair of boots of running (worn)
 p - a +0 robe of magic resistance
 C - a +2 robe of magic resistance
 D - a +0 helmet (worn)
 K - a +2 cloak (worn)
Jewellery
 v - an amulet of guardian spirit (around neck)
 F - a ring of positive energy (left claw)
Wands
 i - a wand of polymorph (7)
Scrolls
 e - a scroll of enchant weapon {unknown}
 h - 3 scrolls of amnesia
 k - 2 scrolls of random uselessness {unknown}
 n - 6 scrolls of remove curse
 s - a scroll of enchant armour {unknown}
 u - a scroll of fear
 A - 4 scrolls of teleportation
 B - a scroll of immolation {unknown}
 E - 3 scrolls of noise
 J - a scroll of blinking {unknown}
 Q - a scroll of fog {unknown}
Potions
 l - 2 potions of degeneration {unknown}
 o - 3 potions of mutation
 r - 2 potions of cancellation {unknown}
 t - a potion of berserk rage
 w - 2 potions of curing {unknown}
 x - 2 potions of haste {unknown}
 G - a potion of heal wounds {unknown}
 H - 2 potions of brilliance
 I - a potion of magic {unknown}
 P - a potion of might {unknown}
Comestibles
 c - 21 rations


   Skills:
 - Level 3.0 Fighting
 * Level 11.2 Long Blades
 + Level 4.4 Armour
 + Level 7.3 Dodging
 - Level 3.7 Stealth


You had 9 spell levels left.
You didn't know any spells.
Your spell library contained the following spells:

 Spells                   Type           Power        Failure   Level  Hunger
 Sandblast                Erth           #.....       91%         1    ##.....
 Passwall                 Tmut/Erth      #.......     97%         2    ###....
 Stone Arrow              Conj/Erth      #.....       99%         3    ####...
 Petrify                  Tmut/Erth      #.......     100%        4    #####..
 Lee's Rapid Deconstruct  Erth           #.........   100%        5    ######.


Dungeon Overview and Level Annotations

Branches:
Dungeon (9/15)             Temple (0/1) D:5            Lair (2/6) D:9
  Swamp: Lair:2-4    Shoals: Lair:2-4     Snake: Lair:2-4    Spider: Lair:2-4
    Orc: D:9-12

Altars:
Ashenzari
Cheibriados
Fedhas
Gozag
Ru
Sif Muna
Vehumet
Wu Jian
Xom
Yredelemnul

Annotations:
D:5 1 runed translucent door, Crazy Yiuf
Lair:1 exclusion: spiny frog
Lair:2 exclusion: hydra


Innate Abilities, Weirdness & Mutations

You have sharp fingernails.
You are completely covered in icy blue scales. (AC +4, rC+)
Your flesh is heat resistant. (rF+)
You are significantly more attuned to the shadows.
You have sharp toenails.
Scrolls take you longer to read.
Your mind is acute. (Int +2)
You are covered in fur. (AC +1)
You are resistant to electric shocks. (rElec)
Your spells are a little harder to cast, but a little more powerful.


Message History

* * * LOW HITPOINT WARNING * * *
You are poisoned.
The black mamba poisons you!
You hit the black mamba.
The black mamba is heavily wounded.
You feel sick.
The black mamba bites you but does no damage.
You hit the black mamba.
You feel better.
The black mamba is severely wounded.
You feel sick. The black mamba misses you.
The black mamba bites you but does no damage.
You hit the black mamba.
The black mamba is severely wounded.
You feel sick. The black mamba closely misses you.
You hit the black mamba. You drain the black mamba.
The black mamba is almost dead.
The black mamba bites you!
* * * LOW HITPOINT WARNING * * *
The black mamba bites you!
You die...

..##.#.# #..≈≈≈≈#....[..........
..#..#.# #..≈≈≈##...............
...#...# #....##...⌠............
..##.#.## ####..........#.#..##P#
..##.#..# ###......#.#†..######
..##.#.######...⌠...#.#.##.#
..##.###.⌠.##............#.#
..##.#.................^...#
..##..#⌠.>....⌠.@.⌠..⌠...#.#
..#####.........S.........F#
..####.#.⌠..#............###
..##.#....####..⌠...#..###
........#.#####.......##.#
.......###.#P#.#........########
...............##...⌠..........##
...............###........#....#.
..####...........##..............


You could see a black mamba.

Vanquished Creatures
  Maurice (D:8)
  A spiny frog (Lair:1)
  A yaktaur (Lair:1)
  A hippogriff (Lair:1)
  A yak (Lair:2)
  4 water moccasins
  3 sky beasts (D:7)
  A porcupine (Lair:1)
  3 orc warriors
  An ice beast (D:4)
  3 necrophages
  2 phantoms (D:4)
  A centaur (D:8)
  2 ogres
  2 crocodiles (Lair:1)
  7 bullfrogs
  3 scorpions
  9 killer bees (D:8)
  3 howler monkeys (D:7)
  5 crimson imps
  2 bullfrog zombies
  6 hounds
  2 jellies
  2 bullfrog skeletons (D:4)
  2 iguanas
  7 orc wizards
  9 worker ants
  2 hound skeletons
  2 hound zombies
  A howler monkey zombie (D:5)
  A worker ant zombie (D:5)
  14 adders
  A shadow imp (D:8)
  An adder skeleton (D:7)
  3 worms
  A leopard gecko (D:1)
  14 orcs
  11 bats
  8 giant cockroaches
  17 goblins
  8 hobgoblins
  2 jackals (D:4)
  A quokka (D:5)
  A ball python (D:2)
  A ball python zombie (D:6)
  5 frilled lizards
  3 jackal skeletons
  7 kobolds
  A leopard gecko skeleton (D:4)
  A leopard gecko zombie (D:5)
  7 rats
  2 fungi
199 creatures vanquished.

Vanquished Creatures (collateral kills)
  An orc (D:7)
1 creature vanquished.

Vanquished Creatures (others)
  An orc wizard (D:8)
1 creature vanquished.

Grand Total: 201 creatures vanquished

Notes
Turn   | Place    | Note
-------+----------+-------------------------------------------
     0 | D:1      | manon the Demonspawn Chaos Knight began the quest for the
                  | Orb.
     0 | D:1      | Reached XP level 1. HP: 18/18 MP: 1/1
    17 | D:1      | Reached skill level 1 in Dodging
    39 | D:1      | XOM: butterfly on damage
   114 | D:1      | Reached skill level 3 in Long Blades
   131 | D:1      | Gained mutation: You are partially covered in icy blue
                  | scales. (AC +2) [demonic ancestry]
   131 | D:1      | Reached XP level 2. HP: 24/24 MP: 2/2
   232 | D:1      | XOM: divination: detect items
   382 | D:1      | XOM: polymorph bat -> rat
   558 | D:1      | Gained mutation: You have sharp fingernails. [demonic
                  | ancestry]
   558 | D:1      | Reached XP level 3. HP: 29/29 MP: 3/3
  1171 | D:2      | XOM: 1-stop teleportation journey
  1279 | D:2      | XOM: give mutation
  1279 | D:2      | Gained mutation: You have sharp toenails. [Xom's grace]
  1380 | D:2      | XOM: summons 1 hostile demon
  1404 | D:2      | XOM: scenery: create altars
  1493 | D:2      | XOM: god gift: scroll labeled UXZIBARA EGYMN {god gift}
  1495 | D:2      | Identified a scroll of acquirement
  1502 | D:2      | Identified a +2 pair of boots of running (You acquired it
                  | on level 2 of the Dungeon)
  1648 | D:2      | Found a shimmering blue altar of Sif Muna.
  1650 | D:2      | Found a basalt altar of Yredelemnul.
  1652 | D:2      | Found a shattered altar of Ashenzari.
  1654 | D:2      | Found a radiant altar of Vehumet.
  1656 | D:2      | Found a sacrificial altar of Ru.
  1718 | D:2      | XOM: give mutations
  1718 | D:2      | Gained mutation: You are resistant to electric shocks.
                  | (rElec) [Xom's grace]
  1718 | D:2      | Gained mutation: You have supernaturally acute eyesight.
                  | (SInv) [Xom's grace]
  1741 | D:3      | XOM: enchant monster (good)
  1792 | D:2      | XOM: mild Tmut miscast
  1806 | D:3      | Reached skill level 4 in Long Blades
  1817 | D:3      | Gained mutation: You are slightly more attuned to the
                  | shadows. [demonic ancestry]
  1817 | D:3      | Reached XP level 4. HP: 25/35 MP: 4/4
  1828 | D:3      | XOM: give mutations
  1828 | D:3      | Gained mutation: Your mind is acute. (Int +2) [Xom's grace]
  1828 | D:3      | Gained mutation: Your spells are a little harder to cast,
                  | but a little more powerful. [Xom's grace]
  1828 | D:3      | Gained mutation: You are covered in fur. (AC +1) [Xom's
                  | grace]
  1829 | D:3      | XOM: blink monster(s)
  2105 | D:3      | XOM: confuse monster(s)
  2120 | D:3      | Gained mutation: You are mostly covered in icy blue scales.
                  | (AC +3) [demonic ancestry]
  2120 | D:3      | Reached XP level 5. HP: 31/41 MP: 5/5
  2128 | D:3      | Found a shattered altar of Ashenzari.
  2239 | D:3      | XOM: god gift: 1650 gold pieces
  2275 | D:3      | Found a blossoming altar of Fedhas.
  2519 | D:3      | XOM: cloud trail
  2522 | D:4      | Noticed a phantom
  2671 | D:4      | XOM: 3-stop teleportation journey
  2688 | D:4      | Found an opulent altar of Gozag.
  2719 | D:4      | Reached skill level 5 in Long Blades
  2810 | D:4      | Gained mutation: You are significantly more attuned to the
                  | shadows. [demonic ancestry]
  2810 | D:4      | Reached XP level 6. HP: 47/47 MP: 6/6
  3002 | D:4      | Reached skill level 6 in Long Blades
  3011 | D:4      | Reached XP level 7. HP: 52/52 MP: 7/7
  3460 | D:5      | Entered Level 5 of the Dungeon
  3482 | D:5      | XOM: mild Fire miscast
  3505 | D:5      | Found a sacrificial altar of Ru.
  3506 | D:5      | XOM: mild Necr miscast
  3583 | D:5      | Found a runed translucent door.
  3585 | D:5      | Noticed Crazy Yiuf
  3687 | D:5      | Reached skill level 7 in Long Blades
  3883 | D:5      | XOM: confuse monster(s)
  3884 | D:5      | XOM: divination: magic mapping
  4006 | D:5      | Found a staircase to the Ecumenical Temple.
  4111 | D:5      | Found a snail-covered altar of Cheibriados.
  4585 | D:6      | Gained mutation: You are completely covered in icy blue
                  | scales. (AC +4, rC+) [demonic ancestry]
  4585 | D:6      | Reached XP level 8. HP: 41/58 MP: 8/8
  4640 | D:6      | XOM: swap monsters
  4644 | D:6      | Reached skill level 5 in Dodging
  4766 | D:6      | XOM: divination: detect items
  4780 | D:6      | Reached skill level 8 in Long Blades
  4783 | D:6      | XOM: medium Conj miscast
  5175 | D:6      | XOM: cast spell 'Summon Butterflies'
  5270 | D:6      | Reached skill level 1 in Stealth
  5496 | D:7      | XOM: potion effect (heal wounds)
  5538 | D:7      | Reached skill level 9 in Long Blades
  5619 | D:7      | XOM: harmless Hex miscast
  5621 | D:7      | Gained mutation: Your flesh is heat resistant. (rF+)
                  | [demonic ancestry]
  5621 | D:7      | Reached XP level 9. HP: 63/63 MP: 9/9
  5683 | D:7      | XOM: silly message
  5709 | D:7      | XOM: potion effect (berserk rage)
  5722 | D:7      | XOM: harmless Erth miscast
  5723 | D:7      | XOM: potion effect (invisibility)
  5726 | D:7      | XOM: potion effect (heal wounds)
  5750 | D:7      | XOM: noise
  5894 | D:7      | XOM: medium Conj miscast
  6248 | D:7      | XOM: noise
  6351 | D:7      | XOM: 4-stop teleportation journey
  6656 | D:7      | Got a brightly glowing scale mail
  6667 | D:7      | Identified the +5 scale mail of Wrong Decisions {rPois
                  | Str-3 Dex+6 Slay+3} (You acquired it on level 7 of the
                  | Dungeon)
  6701 | D:8      | XOM: mild Fire miscast
  6718 | D:8      | XOM: summons 4 hostile demons
  6756 | D:8      | Noticed Maurice
  6776 | D:8      | Killed Maurice
  6855 | D:8      | Reached skill level 10 in Long Blades
  7272 | D:8      | Reached XP level 10. HP: 48/70 MP: 8/10
  7401 | D:8      | Found an ornate altar of the Wu Jian Council.
  7544 | D:9      | XOM: give mutations
  7544 | D:9      | Lost mutation: You have supernaturally acute eyesight.
                  | (SInv) [Xom's mischief]
  7544 | D:9      | Gained mutation: Scrolls take you a little longer to read.
                  | [Xom's mischief]
  7544 | D:9      | Gained mutation: Scrolls take you longer to read. [Xom's
                  | mischief]
  7552 | D:9      | Found a staircase to the Lair.
  7572 | Lair:1   | Entered Level 1 of the Lair of Beasts
  7704 | Lair:1   | Noticed a spiny frog
  7707 | Lair:1   | Noticed a spiny frog
  7720 | Lair:1   | XOM: draining
  7970 | Lair:1   | Noticed a spiny frog
  8236 | Lair:1   | a spiny frog changed into a yaktaur
  8236 | Lair:1   | XOM: polymorph spiny frog -> yaktaur
  8243 | Lair:1   | XOM: divination: magic mapping
  8319 | Lair:1   | Reached skill level 11 in Long Blades
  8471 | Lair:1   | XOM: summons 4 friendly demons
  8481 | Lair:1   | Killed a spiny frog
  8582 | Lair:1   | XOM: god gift: ration
  8657 | Lair:2   | Noticed an eight-headed hydra
  8676 | Lair:2   | XOM: confuse monster(s)
  8689 | Lair:2   | Noticed a black mamba
  8691 | Lair:2   | XOM: enchant monster (bad)
  8703 | Lair:2   | XOM: summons friendly shadow imp
  8719 | Lair:1   | Slain by a black mamba

Levels and vault maps discovered:
D:1:      eino_arrival_cavern_a, layout_basic
D:2:      layout_basic, minitemple
D:3:      layout_basic, fedhas_altar_2, first_ration, interstate_on_off,
          cheibrodos_ashenzari_chains
D:4:      layout_loops_cross, grunt_gozag_breadcrumbs, minmay_door_square,
          dk_rats_in_the_wall
D:5:      layout_cave_pools, kennysheep_mini_moat,
          minmay_temple_entry_antechambers, nicolae_ru_sacrificial_ziggurat,
          uniq_crazy_yiuf_cottage
D:6:      layout_basic
D:7:      layout_loops_ring
D:8:      layout_basic, nicolae_overflow_hidden_temple, uniq_maurice
D:9:      layout_stronghold, dpeg_oklobed_lair, minivault_16
Lair:1:   layout_gridlike, grunt_megastairs_3
Lair:2:   layout_hall_layers, swamp_mist, dummy_spider_entry

Skill      XL: |  1  2  3  4  5  6  7  8  9 10 |
---------------+-------------------------------+-----
Dodging        | 1 2 3 4 5 7 |  7.3
Long Blades    | 3 4 5 6 7 9 10 11 | 11.2
Stealth        | 2 3 |  3.7
Armour         | 3 4 |  4.4
Fighting       | |  3.0

Action                   |  1- 3 |  4- 6 |  7- 9 | 10-12 || total
-------------------------+-------+-------+-------+-------++-------
Melee: Falchion          |   142 |   174 |   594 |   129 ||  1039
       Kick              |     3 |       |       |       ||     3
       Unarmed           |       |       |     2 |       ||     2
Throw: Boomerang         |       |     8 |    25 |     6 ||    39
Evoke: Wand              |       |       |     1 |     5 ||     6
  Use: Scroll            |     1 |       |     9 |     3 ||    13
       Potion            |       |       |     1 |       ||     1
 Stab: Paralysed         |       |     4 |    12 |     3 ||    19
       Confused          |       |     4 |     3 |     3 ||    10
       Sleeping          |       |     8 |    22 |     6 ||    36
       Petrified         |       |     4 |     9 |       ||    13
       Petrifying        |       |       |     4 |       ||     4
       Distracted        |       |       |     1 |     1 ||     2
       Invisible         |       |       |     9 |       ||     9
       Fleeing           |       |       |       |     1 ||     1
  Eat: Chunk             |     2 |     5 |     6 |     1 ||    14
       Ration            |       |       |     2 |     1 ||     3
Armor: Leather armour    |    88 |    69 |   136 |       ||   293
       Scale mail        |       |       |   109 |    58 ||   167
Dodge: Dodged            |   100 |    89 |   360 |    59 ||   608
       Rpst.: Falchion   |    31 |    29 |   125 |    18 ||   203
